 Dungeon Crawl Stone Soup version 0.25.1-1-g288607f5aa (webtiles) character file.

Game seed: 8507157940057328213

3921 Ijustatesigmund the Fighter (level 10, -4/74 HPs)
             Began as an Octopode Fighter on July 22, 2020.
             Slain by a manticore (10 damage)
             ... on level 8 of the Dungeon.
             The game lasted 00:15:32 (9591 turns).

Ijustatesigmund the Fighter (Octopode Fighter)      Turns: 9591, Time: 00:15:32

Health: -4/74      AC:  2    Str: 16    XL:     10   Next: 20%
Magic:  10/10      EV: 13    Int: 10    God:
Gold:   362        SH: 12    Dex: 15    Spells: 9/9 levels left

rFire    . . .     SeeInvis +   a - +4 war axe
rCold    + . .     Gourm    .   b - +2 kite shield
rNeg     + . .     Faith    .   y - +1 hat
rPois    .         Spirit   .   (no amulet)
rElec    .         Reflect  .   e - ring of positive energy
rCorr    .         Harm     .   g - ring of stealth
MR       .....                  c - ring of see invisible
Stlth    ++++++....             (no ring)
HPRegen  0.22/turn              (no ring)
MPRegen  0.12/turn              (no ring)
                                (no ring)
                                (no ring)

@: no status effects
A: almost no armour, stealthy swim, amphibious, 8 rings, constrict 8, tentacle
spike 1, camouflage 1, blink, cold resistance 1, gelatinous body 1
a: Blink


You were on level 8 of the Dungeon.
You were hungry.

You visited 2 branches of the dungeon, and saw 9 of its levels.

You collected 362 gold pieces.

Inventory:

Hand Weapons
 a - a +4 war axe (weapon)
 r - a +2 vampiric hand axe
Missiles
 u - 2 atropa-tipped darts (quivered)
Armour
 b - a +2 kite shield (worn)
 y - a +1 hat (worn)
Jewellery
 c - a ring of see invisible (on tentacle)
 e - a ring of positive energy (left tentacle)
 g - a ring of stealth (right tentacle)
Wands
 k - a wand of digging (8)
 s - a wand of acid (2)
 t - a wand of iceblast (9)
 w - a wand of disintegration (11)
Scrolls
 n - 3 scrolls of fog
 o - a scroll of remove curse
 p - 2 scrolls of amnesia
Potions
 f - a potion of mutation
 h - 3 potions of curing
 i - 2 potions of brilliance
 j - 2 potions of lignification
 m - a potion of magic
 q - a potion of flight {unknown}
Comestibles
 d - 9 rations


   Skills:
 + Level 9.0 Fighting
 + Level 8.7 Axes
 - Level 4.1 Dodging
 - Level 7.1 Stealth
 + Level 6.3 Shields


You had 9 spell levels left.
You didn't know any spells.
Your spell library contained the following spells:

 Spells                   Type           Power        Failure   Level  Hunger
 Animate Skeleton         Necr           N/A          75%         1    ##.....
 Pain                     Necr           #...         75%         1    ##.....
 Confusing Touch          Hex            #.......     98%         3    ####...
 Gell's Gravitas          Tloc           #.........   98%         3    ####...
 Vampiric Draining        Necr           #.........   98%         3    ####...
 Animate Dead             Necr           N/A          100%        4    #####..
 Petrify                  Tmut/Erth      #.......     100%        4    #####..
 Agony                    Necr           #.......     100%        5    ######.
 Metabolic Englaciation   Hex/Ice        #.........   100%        5    ######.
 Yara's Violent Unravell  Hex/Tmut       #.........   100%        5    ######.


Dungeon Overview and Level Annotations

Branches:
Dungeon (8/15)             Temple (1/1) D:5            Lair (0/6) D:8

Altars:
Cheibriados
Dithmenos
Elyvilon
Fedhas
Gozag
Hepliaklqana
Kikubaaqudgha
Makhleb
Nemelex Xobeh
Okawaru
Qazlal
Ru
Sif Muna
Trog
Uskayaw
Vehumet
Wu Jian
Xom
Yredelemnul
Zin
The Shining One

Annotations:
D:8 1 runed translucent door, UnDebs's ghost, novice GnWn


Innate Abilities, Weirdness & Mutations

You cannot wear most types of armour.
You are very stealthy in the water. (Stealth+)
You are amphibious.
You can wear up to eight rings at the same time.
You can use your tentacles to constrict eight enemies at once.
Your skin changes colour to match your surroundings (Stealth+).
Your rubbery body absorbs attacks. (AC +1, EV +1)
One of your tentacles bears a spike.
You can translocate small distances at will.
Your flesh is cold resistant. (rC+)


Message History

The manticore closely misses you.
You are too injured to fight recklessly!
You are too injured to fight recklessly!
Evoke which item? (* to show all) (? for menu, Esc to quit)
Aiming: Corrosive Bolt
Press: ? - help, Shift-Dir - straight line, f/p - manticore
Aim: a manticore (heavily wounded)
The bolt of acid hits the manticore.
The manticore is splashed with acid.
The acid corrodes the manticore!
The manticore is severely wounded.
The manticore bites you!!
* * * LOW HITPOINT WARNING * * *
You block the manticore's attack. The manticore claws you.
* * * LOW HITPOINT WARNING * * *
Evoke which item? (* to show all) (? for menu, Esc to quit)
Aiming: Corrosive Bolt
Press: ? - help, Shift-Dir - straight line, f/p - manticore
Aim: a manticore (severely wounded, covered in acid)
The bolt of acid misses the manticore.
The manticore bites you!
You die...

######### ........#
#######.# #.# #.# #######
#########@# #.....#
##..(....H.####.....#######
#............|......'.....)
#..############.....##.###.
#..# #.....##.# #.
######..# #.....##.# #.
........# #.....##.# #.
######..# #.....##.# #.
#..# #.....##.# ##


You could see a manticore (corroded).

Vanquished Creatures
  Pikel (D:5)
  A hornet (D:6)
  Sigmund (D:4)
  Eustachio (D:5)
  A wyvern (D:8)
  2 wargs (D:8)
  3 orc warriors
  2 slaves (D:5)
  A phantom (D:5)
  An ice beast (D:8)
  2 sky beasts
  A black bear (D:8)
  2 ogres
  A big kobold (D:4)
  Blork the orc (D:4)
  6 bullfrogs
  A scorpion (D:4)
  A water moccasin skeleton (D:8)
  A howler monkey (D:8)
  2 crimson imps
  8 hounds
  A jelly (D:8)
  A bullfrog skeleton (D:6)
  A centaur skeleton (D:5)
  4 orc priests
  Terence (D:2)
  2 iguanas (D:4)
  3 orc wizards (D:6)
  Natasha (thrice) (D:2)
  4 worker ants
  A hound skeleton (D:5)
  Robin (D:2)
  5 adders
  3 gnolls (D:8)
  A worm (D:2)
  A dart slug (D:4)
  4 leopard geckos
  21 orcs
  A ball python (D:4)
  4 giant cockroaches
  18 goblins
  13 hobgoblins
  13 jackals
  3 quokkas
  6 bats
  6 frilled lizards
  3 kobolds
  A leopard gecko skeleton (D:3)
  A quokka skeleton (D:4)
  4 rats
170 creatures vanquished.

Vanquished Creatures (others)
  An ogre (D:5)
1 creature vanquished.

Grand Total: 171 creatures vanquished

Notes
Turn   | Place    | Note
-------+----------+-------------------------------------------
     0 | D:1      | Ijustatesigmund the Octopode Fighter began the quest for
                  | the Orb.
     0 | D:1      | Reached XP level 1. HP: 16/16 MP: 1/1
   209 | D:1      | Reached XP level 2. HP: 18/21 MP: 2/2
   720 | D:2      | Noticed Terence
   728 | D:2      | Killed Terence
   728 | D:2      | Reached XP level 3. HP: 27/27 MP: 3/3
   761 | D:2      | Noticed Natasha
   766 | D:2      | Killed Natasha
   766 | D:2      | Reached skill level 4 in Fighting
   766 | D:2      | Reached XP level 4. HP: 29/33 MP: 4/4
   805 | D:2      | Noticed Natasha
   812 | D:2      | Killed Natasha
   983 | D:2      | Noticed Robin
  1510 | D:2      | Reached XP level 5. HP: 17/38 MP: 5/5
  1860 | D:2      | Killed Robin
  1944 | D:2      | Found an ancient bone altar of Kikubaaqudgha.
  1945 | D:2      | Noticed Natasha
  1952 | D:2      | Killed Natasha
  2545 | D:3      | Reached skill level 1 in Stealth
  3213 | D:3      | Reached XP level 6. HP: 43/45 MP: 6/6
  3590 | D:3      | Reached skill level 5 in Fighting
  3675 | D:3      | Found a sparkling altar of Nemelex Xobeh.
  4001 | D:4      | Reached XP level 7. HP: 35/50 MP: 7/7
  4281 | D:4      | Noticed Sigmund
  4300 | D:4      | Noticed Blork the orc
  4310 | D:4      | Killed Blork the orc
  4310 | D:4      | Reached skill level 5 in Axes
  4412 | D:4      | Killed Sigmund
  4960 | D:5      | Entered Level 5 of the Dungeon
  4988 | D:5      | Found a staircase to the Ecumenical Temple.
  4996 | Temple   | Entered the Ecumenical Temple
  5210 | D:5      | Found a basalt altar of Yredelemnul.
  5213 | D:5      | You fall into a shaft and drop 2 floors!
  5548 | D:7      | Found a blossoming altar of Fedhas.
  5657 | D:6      | Found a stormy altar of Qazlal.
  5663 | D:6      | Reached skill level 6 in Fighting
  5663 | D:6      | Reached XP level 8. HP: 57/57 MP: 8/8
  6014 | D:6      | Gained mutation: Your flesh is cold resistant. (rC+)
                  | [potion of mutation]
  6014 | D:6      | Gained mutation: You can translocate small distances at
                  | will. [potion of mutation]
  6014 | D:6      | Gained mutation: One of your tentacles bears a spike.
                  | [potion of mutation]
  6116 | D:5      | Reached skill level 5 in Stealth
  6139 | D:5      | Noticed Eustachio
  6148 | D:5      | Killed Eustachio
  6193 | D:5      | Reached skill level 7 in Fighting
  6229 | D:5      | Noticed Pikel
  6239 | D:5      | Killed Pikel
  6239 | D:5      | Reached XP level 9. HP: 45/64 MP: 9/9
  6923 | D:6      | Noticed a hornet
  7212 | D:6      | Killed a hornet
  7300 | D:6      | Reached skill level 8 in Fighting
  7439 | D:6      | Found a hazy altar of Hepliaklqana.
  7439 | D:6      | Found a glowing silver altar of Zin.
  7550 | D:7      | Found a snail-covered altar of Cheibriados.
  7985 | D:8      | Reached skill level 5 in Shields
  8371 | D:8      | Found a staircase to the Lair.
  8388 | D:8      | Reached XP level 10. HP: 39/73 MP: 10/10
  8896 | D:8      | Noticed UnDebs's ghost (novice GnWn)
  8901 | D:8      | Found a runed translucent door.
  8911 | D:8      | Reached skill level 9 in Fighting
  9334 | D:8      | Noticed a manticore
  9591 | D:8      | Slain by a manticore

Illustrated notes

Levels and vault maps discovered:
D:1:      dpeg_arrival_rhombus, layout_loops_ring
D:2:      layout_basic, old_standard_altar, first_ration, grunt_decor_arrowhead,
          uniq_terence, uniq_natasha, uniq_robin
D:3:      layout_loops_ring, lemuel_coloured_pillars_altar
D:4:      layout_rooms, uniq_sigmund, uniq_blork_the_orc
D:5:      layout_basic, yredelemnul_altar_generic, minmay_temple_entry_junction,
          kennysheep_another_room, uniq_eustachio, uniq_pikel
D:6:      layout_basic, overflow_temple_1_default,
          gammafunk_temple_overflow_wave
D:7:      layout_gridville, overflow_temple_1_default, old_standard_altar
D:8:      layout_basic, erik_lair_orcish_takeover, ebering_ghost_inner_flame
Temple:   nicolae_temple_figure_eight

Skill      XL: |  1  2  3  4  5  6  7  8  9 10 |
---------------+-------------------------------+-----
Axes           | 3 4 5 7 8 |  8.7
Fighting       | 4 5 6 7 8 9 |  9.0
Stealth        | 1 2 7 |  7.1
Dodging        | 4 |  4.1
Shields        | 4 5 6 |  6.3

Action                   |  1- 3 |  4- 6 |  7- 9 | 10-12 || total
-------------------------+-------+-------+-------+-------++-------
Melee: War axe           |    32 |   124 |   164 |    41 ||   361
       Constrict         |     7 |    32 |    36 |     8 ||    83
       Tentacles         |     1 |    16 |    33 |    11 ||    61
       Kick              |       |       |    39 |    14 ||    53
Throw: Dart              |       |       |    15 |     1 ||    16
Evoke: Wand              |       |       |     5 |     4 ||     9
  Use: Scroll            |     4 |     2 |    15 |     3 ||    24
       Potion            |       |     4 |     4 |     1 ||     9
 Stab: Sleeping          |    10 |    10 |    11 |     6 ||    37
       Invisible         |       |       |     2 |       ||     2
       Distracted        |       |       |     1 |       ||     1
  Eat: Ration            |       |     1 |     1 |       ||     2
       Chunk             |       |     6 |    11 |     3 ||    20
Armor: Skin              |       |     8 |     5 |     1 ||    14
Dodge: Dodged            |     9 |    64 |    56 |    12 ||   141
Block: Kite shield       |    11 |    46 |    88 |    23 ||   168
